 Dungeon Crawl Stone Soup version 0.28-a0-845-gfc338a8e3c (webtiles) character file.

Game seed: 510240563494666168

19 croobank the Sneak (level 2, 0/14 HPs)
             Began as a Felid Delver on Nov 12, 2021.
             Slain by a ball python (3 damage)
             ... on level 1 of the Dungeon.
             The game lasted 00:07:45 (910 turns).

croobank the Sneak (Felid Delver)                    Turns: 910, Time: 00:07:46

Health: 0/14       AC:  1    Str:  8    XL:     2   Next: 55%
Magic:  3/3        EV: 17    Int: 11    God:
Gold:   37         SH:  0    Dex: 17    Spells: 1/1 levels left
                                        Lives:  0   Deaths: 0

rFire   . . .      SeeInvis +     - Unarmed
rCold   . . .      Faith    .   (shield unavailable)
rNeg    . . .      Spirit   .   (armour unavailable)
rPois   .          Reflect  .   (helmet unavailable)
rElec   .          Harm     .   (cloak unavailable)
rCorr   .          Rampage  .   (gloves unavailable)
Will    .....                   (boots unavailable)
Stlth   ++++......              (no amulet)
HPRegen 0.04/turn               (no ring)
MPRegen 0.08/turn               (no ring)

@: quick
A: very small, claws 1, fangs 3, see invisible, speed 1, shaggy fur 1, stealthy
paws, no weapons or thrown items, no armour, multi-lived
a: no special abilities


You were on level 1 of the Dungeon.
You visited 1 branch of the dungeon, and saw 5 of its levels.

You collected 37 gold pieces.

Inventory:

Jewellery
 c - an amulet of magic regeneration
Wands
 e - a wand of digging (3)
 f - a wand of acid (9)
Scrolls
 a - a scroll of fog
 b - a scroll of magic mapping
 g - a scroll of teleportation {unknown}


   Skills:
 + Level 3.1 Fighting
 + Level 2.8 Dodging
 + Level 7.2 Stealth
 + Level 2.2 Unarmed Combat


You had one spell level left.
You didn't know any spells.
Your spell library was empty.

Dungeon Overview and Level Annotations

Branches:
Dungeon (5/15)
 Temple: D:4-7

Altars:
Xom

Annotations:
D:4 Blork the orc


Innate Abilities, Weirdness & Mutations

You have sharp claws.
You have razor-sharp teeth.
You have supernaturally acute eyesight. (SInv)
You cover ground quickly. (Speed+)
You are covered in fur. (AC +1)
Your paws help you pounce on unaware monsters.
You are incapable of wielding weapons or throwing items.
You cannot wear armour.
You gain extra lives every three experience levels.


Message History

The ball python barely misses you. The ball python constricts you.
* * * LOW HITPOINT WARNING * * *
It was a potion of flight.
You feel very buoyant.
You fly up into the air.
The ball python closely misses you. The ball python constricts you.
You escape the ball python's grasp.
There is an open door here.
You closely miss the ball python.
The ball python is moderately wounded.
The ball python barely misses you. The ball python closely misses you.
The quokka twitches its whiskers.
You are starting to lose your buoyancy.
You float gracefully downwards.
You closely miss the ball python. The ball python misses you.
The ball python completely misses you.
You closely miss the ball python. The ball python bites you.
* * * LOW HITPOINT WARNING * * *
The ball python grabs you. The ball python constricts you.
* * * LOW HITPOINT WARNING * * *
You escape the ball python's grasp.
The quokka twitches its whiskers.
The helpless goblin fails to defend itself.
You mangle the goblin!!
You kill the goblin!
Found a scroll labelled TEWAMPO YBBUKK.
You see here a +0 club.
You pounce on the unaware helpless quokka!
You mangle the quokka!!
You kill the quokka!
The ball python closely misses you. The ball python misses you.
You see here a quokka corpse.
You see here a scroll labelled TEWAMPO YBBUKK.
You scratch the ball python.
The ball python is moderately wounded.
The ball python bites you.
* * * LOW HITPOINT WARNING * * *
The ball python barely misses you.
You open the door. The ball python bites you.
You die...

#.# ###.#
........#
....###
#.......#
......+
#.......
.######
#...... .#
..... .# .).
.# #'# .#
#######@# .#
#....rS.# .#
#.####### .#
#.# .# #.#
.# #.# .#
#.# ^# #.#
.#########.#


You could see a quokka and a ball python.

Vanquished Creatures
  4 bats
  An endoplasm (D:2)
  4 giant cockroaches
  2 goblins (D:1)
  2 hobgoblins
  A quokka (D:1)
  A ball python (D:4)
  A frilled lizard (D:2)
16 creatures vanquished.

Notes
Turn   | Place    | Note
-------+----------+-------------------------------------------
     0 | D:5      | croobank the Felid Delver began the quest for the Orb.
     0 | D:5      | Reached XP level 1. HP: 10/10 MP: 2/2
    19 | D:5      | Noticed an iguana
    96 | D:4      | Noticed a jelly
   105 | D:4      | Noticed Blork the orc
   119 | D:3      | Noticed an orc priest
   146 | D:2      | Found a shimmering altar of Xom.
   164 | D:2      | Reached skill level 7 in Stealth
   188 | D:2      | Reached XP level 2. HP: 3/14 MP: 3/3
   910 | D:1      | Slain by a ball python

Illustrated notes

Levels and vault maps discovered:
D:1:      scummos_arrival_hexagon, layout_basic
D:2:      layout_loops_corners, basic_altar, uniq_natasha
D:3:      layout_rooms, serial_shops, nicolae_shop_overgrown_old_shop,
          uniq_robin
D:4:      layout_loops_corners, minmay_misc_feat_more_columns, minmay_quantized,
          uniq_blork_the_orc
D:5:      layout_loops_ring, zin_angel, cheibrodos_gnoll_hut, uniq_eustachio,
          uniq_grinder

Skill      XL: |  1 |
---------------+----+-----
Stealth        | 7 |  7.2
Fighting       | |  3.1
Dodging        | |  2.8
Unarmed Combat | |  2.2

Action                   || total
-------------------------++-------
Melee: Unarmed           ||    42
       Bite              ||     3
  Use: Potion            ||     2
       Scroll            ||     1
 Stab: Sleeping          ||     8
Armor: Skin              ||     1
Dodge: Dodged            ||    41

Table legend: (Time is in decaauts)
 A = Elapsed time spent in this place.
 B = Non-inter-level travel time spent in this place.
 C = Inter-level travel time spent in this place.
 D = Time resting spent in this place.
 E = Time spent auto-exploring this place.
 F = Levels seen in this place.
 G = Mean time per level.
                   A        B        C        D        E       F      G
               +--------+--------+--------+--------+--------+-----+--------+
         Total |    783 |    783 |      0 |      2 |    411 |   5 |  156.6 |
       Dungeon |    783 |    783 |      0 |      2 |    411 |   5 |  156.6 |
               +--------+--------+--------+--------+--------+-----+--------+

Top non-repeatable levels by time:
     D:1: 608 daAuts
     D:4: 73 daAuts
     D:2: 55 daAuts
     D:3: 26 daAuts
     D:5: 18 daAuts
